 Dungeon Crawl Stone Soup version 0.21-a0-133-gf55ed5b (webtiles) character file.

8 4thArraOfDagon the Caller (level 2, 0/11 HPs)
             Began as a Felid Summoner on July 17, 2017.
             Slain by a hobgoblin
             ... wielding a +0 club
              (4 damage)
             ... on level 1 of the Dungeon.
             The game lasted 00:01:02 (169 turns).

4thArraOfDagon the Caller (Felid Summoner)           Turns: 169, Time: 00:01:02

Health: 0/11       AC:  1    Str:  4    XL:     2   Next: 0%
Magic:  6/6        EV: 18    Int: 16    God:
Gold:   8          SH:  0    Dex: 16    Spells: 4/5 levels left
                                        Lives:  0   Deaths: 0

rFire    . . .     SeeInvis +   (weapon unavailable)
rCold    . . .     Gourm    .   (shield unavailable)
rNeg     . . .     Faith    .   (armour unavailable)
rPois    .         Spirit   .   (helmet unavailable)
rElec    .         Reflect  .   (cloak unavailable)
rCorr    .         Harm     .   (gloves unavailable)
MR       .....                  (boots unavailable)
Stlth    +++.......             (no amulet)
HPRegen  0.03/turn              (no ring)
MPRegen  0.10/turn              (no ring)

@: quick
A: no armour, no weapons or thrown items, stealth, claws 1, fangs 3, see
invisible, carnivore 3, speed 1, shaggy fur 1, slow metabolism 1, sharp paws
a: no special abilities


You were on level 1 of the Dungeon.
You were very full.

You visited 1 branch of the dungeon, and saw 1 of its levels.

You collected 8 gold pieces.

Inventory:

Scrolls
 c - a scroll of magic mapping {unknown}
 e - 3 scrolls of remove curse {unknown}
 g - a scroll of identify {unknown}
Potions
 d - 2 potions of curing {unknown}
 f - a potion of flight {unknown}
Books
 a - a book of Callings

   Spells                             Type                      Level
   a - Summon Small Mammal            Summoning                    1
   b - Call Imp                       Summoning                    2
   c - Call Canine Familiar           Summoning                    3
   d - Summon Guardian Golem          Hexes/Summoning              3
   e - Summon Lightning Spire         Summoning/Air                4
   f - Summon Ice Beast               Ice/Summoning                4
Comestibles
 b - a meat ration


   Skills:
 + Level 2.8 Dodging
 + Level 2.6 Stealth
 + Level 2.0 Spellcasting
 + Level 4.3 Summonings


You had 4 spell levels left.
You knew the following spells:

 Your Spells              Type           Power        Failure   Level  Hunger
a - Summon Small Mammal   Summ           ###.         3%          1    #......


Dungeon Overview and Level Annotations

Branches:
Dungeon (1/15)

Altars:


Innate Abilities, Weirdness & Mutations

You cannot wear armour.
You are incapable of wielding weapons or throwing items.
Your paws allow you to move quietly. (Stealth)
You have sharp claws.
You have razor-sharp teeth.
You have supernaturally acute eyesight. (SInv)
You are carnivorous and can eat meat at any time.
You cover ground quickly.
You are covered in fur. (AC +1)
You have a slow metabolism.
Your sharp claws are effective at attacking unaware monsters.


Message History

f - a viscous emerald potion A hobgoblin comes into view.
It is wielding a club.
You see here 2 scrolls labeled UCUUNT ISARCHE.
e - 3 scrolls labeled UCUUNT ISARCHE (gained 2)
Found 6 needles of confusion.
Found an inky potion.
Okay, then.
d - 2 inky potions (gained 1)
There are no items here.
The hobgoblin misses you.
Unknown command.
Found a stone staircase leading down.
Found a scroll labeled COONKAOD KENLA.
Unknown command.
Found 23 stones and a robe.
Found a scroll labeled NUASSU YBOTUNI.
You see here a scroll labeled COONKAOD KENLA.
g - a scroll labeled COONKAOD KENLA The hobgoblin hits you with a club.
You die...

.. # .# # .. # #. #
#.###### # #......# #
#.....# #####
####@g..## #....
#........# ####.###
#.[......# ##....#(.
##........# ##..###..#
#..(......###..###..##
#.............####.##
#.##..>........##..#
#. #.........#....####
............###......


You could see a hobgoblin.

Vanquished Creatures
  2 bats (D:1)
  2 hobgoblins (D:1)
  A rat (D:1)
5 creatures vanquished.

Vanquished Creatures (collateral kills)
  A hobgoblin (D:1)
  A bat (D:1)
  2 goblins (D:1)
4 creatures vanquished.

Grand Total: 9 creatures vanquished

Notes
Turn   | Place    | Note
-------+----------+-------------------------------------------
     0 | D:1      | 4thArraOfDagon the Felid Summoner began the quest for the Orb.
     0 | D:1      | Reached XP level 1. HP: 7/7 MP: 4/4
   118 | D:1      | Reached XP level 2. HP: 3/11 MP: 6/6
   169 | D:1      | Slain by a hobgoblin

Vault maps used:
D:1:      dpeg_arrival_tiny_b, minmay_cut_off

Action                   || total
-------------------------++-------
Melee: Unarmed           ||    23
       Bite              ||     1
 Cast: Summon Small Mamm ||     4
 Stab: Sleeping          ||     4
  Eat: Chunk             ||     5
Armor: Skin              ||     3
Dodge: Dodged            ||    17
